 Dungeon Crawl Stone Soup version 0.30.0-29-ga12c61a403 (webtiles) character file.

Game seed: 10520971782349421555

1414 Graphine the Covert (level 8, -6/54 HPs)
             Began as an Octopode Brigand on June 22, 2023.
             Was a Priest of Fedhas.
             Mangled by Zippel's ghost (17 damage)
             ... on level 6 of the Dungeon.
             The game lasted 00:13:40 (4938 turns).

Graphine the Covert (Octopode Brigand)              Turns: 4938, Time: 00:13:43

Health: -6/54      AC:  1    Str: 10    XL:     8   Next: 71%
Magic:  10/10      EV: 14    Int: 14    God:    Fedhas [***...]
Gold:   366        SH:  0    Dex: 15    Spells: 2/10 levels left

rFire   . . .        a - +2 dagger
rCold   . . .        (no shield)
rNeg    . . .        (helmet restricted)
rPois   .            r - amulet of magic regeneration
rElec   .            (no ring)
rCorr   .            (no ring)
SInv    .            (no ring)
Will    +....        (no ring)
Stlth   +++          (no ring)
HPRegen 0.29/turn    (no ring)
MPRegen 0.52/turn    (no ring)
                     (no ring)

%: no passive effects
@: confused
A: almost no armour, amphibious, 8 rings, camouflage 1, gelatinous body 1,
(nimble swimmer 1), tentacles, strong-willed 1, subdued magic 1, noise
suppression
a: Renounce Religion, Wall of Briars, Grow Ballistomycete


You were on level 6 of the Dungeon.
You worshipped Fedhas.
Fedhas was most pleased with you.
You visited 1 branch of the dungeon, and saw 6 of its levels.

You collected 366 gold pieces.

Inventory:

Hand Weapons
 a - a +2 dagger (weapon)
 n - a +3 quarterstaff of chaos
 t - the +8 long sword of Wegohi {holy, rN+}
   (You found it on level 6 of the Dungeon)

   rN:        It protects you from negative energy.
Missiles
 b - 12 poisoned darts (quivered)
 c - 3 curare-tipped darts
Magical Staves
 k - a staff of death
 m - a staff of conjuration
Jewellery
 r - an amulet of magic regeneration (around mantle)
 x - a ring of flight
Wands
 l - a wand of mindburst (14)
 y - a wand of digging (5)
Scrolls
 g - 2 scrolls of poison
 p - a scroll of blinking
 v - a scroll of vulnerability {unknown}
Potions
 d - 4 potions of degeneration
 e - 2 potions of heal wounds
 f - a potion of lignification
 h - a potion of ambrosia
 i - a potion of brilliance
 j - 2 potions of attraction
 o - a potion of curing
 q - a potion of mutation
 s - a potion of flight {unknown}
 u - a potion of resistance {unknown}
 w - a potion of haste


   Skills:
 + Level 4.1 Fighting
 - Level 3.2 Short Blades
 + Level 2.1 Staves
 - Level 2.0 Throwing
 + Level 3.7 Dodging
 * Level 9.3 Stealth
 + Level 1.9 Spellcasting
 * Level 3.3 Conjurations
 + Level 3.6 Invocations
 + Level 2.4 Evocations


You had 2 spell levels left.
You knew the following spells:

 Your Spells              Type           Power      Damage    Failure   Level
a - Mephitic Cloud        Conj/Pois/Air  3%         N/A       36%         3
b - Freezing Cloud        Conj/Ice/Air   1%         6-21      98%         5

Your spell library contained the following spells:

 Spells                   Type           Power      Damage    Failure   Level
 Slow                     Hex            4%         N/A       21%         1
 Poisonous Vapours        Pois/Air       2%         N/A       32%         2
 Sublimation of Blood     Necr           1%         N/A       32%         2
 Wereblood                Tmut           1%         N/A       32%         2
 Confusing Touch          Hex            1%         N/A       54%         3
 Tukima's Dance           Hex            1%         N/A       54%         3
 Vampiric Draining        Necr           1%         2d6       54%         3
 Passage of Golubria      Tloc           1%         N/A       92%         4
 Blade Hands              Tmut           0%         N/A       99%         5
 Yara's Violent Unravell  Hex/Tmut       0%         3d3       99%         5
 Iron Shot                Conj/Erth      2%         9d2       100%        6
 Summon Hydra             Summ           0%         N/A       100%        7
 Animate Armour           Summ/Erth      Unusable   N/A       N/A         4

Dungeon Overview and Level Annotations

Branches:
Dungeon (6/15)             Temple (0/1) D:6

Altars:
Elyvilon
Fedhas

Shops:
D:1 ((!!

Annotations:
D:6 Zippel's ghost, novice DsFi


Innate Abilities, Weirdness & Mutations

You cannot wear most types of armour.
You are amphibious.
You can wear up to eight rings at the same time.
Your skin changes colour to match your surroundings (Stealth+).
Your rubbery body absorbs attacks. (AC +1, EV +1)
((You are camouflaged when in or above water. (Stealth+)))
You have tentacles for arms and can constrict up to eight enemies at once.
You are strong-willed. (Will+)
Your spells are a little easier to cast, but a little less powerful.
You passively dampen the noise of your surroundings.


Message History

Zippel's ghost is lightly damaged.
Zippel's ghost completely misses you.
You hit Zippel's ghost but do no damage.
Zippel's ghost is lightly damaged.
Zippel's ghost hits you!
A ballistomycete spore comes into view.
Zippel's ghost attacks as you move away!
Zippel's ghost hits you but does no damage.
A ballistomycete spore comes into view.
You hit Zippel's ghost. You squeeze Zippel's ghost!
Zippel's ghost is moderately damaged.
Your ballistomycete spore explodes!
Fedhas protects your plant from harm. x2
The explosion of spores engulfs Zippel's ghost.
Zippel's ghost is moderately damaged.
The explosion of spores engulfs you!!
You are confused.
* * * LOW HITPOINT WARNING * * *
Zippel's ghost hits you!
* * * LOW HITPOINT WARNING * * *
A ballistomycete spore comes into view.
You feel much better.
Your ballistomycete spore explodes!
Fedhas protects your plant from harm.
The explosion of spores engulfs Zippel's ghost!
Zippel's ghost is heavily damaged.
The explosion of spores engulfs you!
You are more confused.
* * * LOW HITPOINT WARNING * * *
Zippel's ghost closely misses you.
Okay, then.
You closely miss your ballistomycete spore.
Zippel's ghost barely misses you.
Your ballistomycete spore explodes!
Fedhas protects your plant from harm.
The explosion of spores engulfs Zippel's ghost!
Zippel's ghost is severely damaged.
Zippel's ghost hits you!
You die...
Fedhas appreciates your contribution to the ecosystem.

#.......# #.# #.###...#
#.. #.# ##### ####..
#.# #..... #)#
########.#... #.#
#.).......... ####.####
#)##)........ #..P..!.#
#)##.###.#... #....W@.#
#.##.# #.#... ###'''###
#.##.# #.#..^ #(....(.#
#.##.# #.#... #.([....#
#.##.# #.#... #....8..#
#.##.# #....# #((.....#
#.##.###.....
#...?.(.###>....##....#
#########.......##.....
#.# #..............#


You could see Zippel's ghost (ally target) and a friendly ballistomycete
(summoned).

Vanquished Creatures
  A steam dragon (D:6)
  Menkaure (D:5)
  Duvessa (D:5)
  4 black bears
  An ogre (D:6)
  2 scorpions
  Dowan (D:5)
  A jelly (D:6)
  An orc priest (D:6)
  Crazy Yiuf (D:3)
  2 hounds
  Ijyb (D:5)
  2 iguanas (D:6)
  An orc wizard (D:6)
  7 adders
  2 white imps
  3 ufetubi
  3 worms
  3 dart slugs (D:2)
  12 orcs
  7 ball pythons
  6 endoplasms
  6 goblins
  7 hobgoblins
  4 jackals (D:2)
  8 kobolds
  4 quokkas
  5 bats
  4 frilled lizards
  4 rats
105 creatures vanquished.

Vanquished Creatures (collateral kills)
  3 ballistomycete spores (D:6)
3 creatures vanquished.

Vanquished Creatures (others)
  A sleepcap (D:5)
1 creature vanquished.

Grand Total: 109 creatures vanquished

Notes
Turn   | Place    | Note
-------+----------+-------------------------------------------
     0 | D:1      | Graphine the Octopode Brigand began the quest for the Orb.
     0 | D:1      | Reached XP level 1. HP: 14/14 MP: 1/1
   101 | D:1      | Found Moqac's Weapon Shoppe.
   104 | D:1      | Found Yschuplo's Distillery.
   179 | D:1      | Found Udaheop's Antique Weapon Boutique.
   203 | D:1      | Reached XP level 2. HP: 19/19 MP: 2/2
   259 | D:1      | Found a faded altar of an unknown god.
   269 | D:1      | Prayed at the altar of an unknown god.
   269 | D:1      | Became a worshipper of Fedhas Madash
   269 | D:1      | Reached * piety under Fedhas
   514 | D:1      | Found Enazuc's Distillery.
   671 | D:2      | Identified the +1 leather armour of Negation {+Inv rCorr}
   700 | D:2      | Reached XP level 3. HP: 18/24 MP: 3/3
   767 | D:2      | Reached skill level 6 in Stealth
  1012 | D:2      | Reached ** piety under Fedhas
  1203 | D:2      | Reached XP level 4. HP: 30/30 MP: 4/4
  1408 | D:3      | Reached skill level 1 in Invocations
  1852 | D:3      | Found a runed translucent door.
  1853 | D:3      | Noticed Crazy Yiuf
  1860 | D:3      | Killed Crazy Yiuf
  1861 | D:3      | Reached XP level 5. HP: 36/36 MP: 4/6
  2154 | D:4      | Noticed a black bear
  2161 | D:4      | Killed a black bear
  2162 | D:4      | Reached skill level 7 in Stealth
  2162 | D:4      | Reached XP level 6. HP: 42/42 MP: 7/7
  2686 | D:5      | Entered Level 5 of the Dungeon
  2773 | D:5      | Noticed an ice beast
  3022 | D:5      | Reached *** piety under Fedhas
  3089 | D:5      | Learned a level 3 spell: Mephitic Cloud
  3142 | D:5      | Noticed a black bear
  3145 | D:5      | Killed a black bear
  3146 | D:5      | Reached XP level 7. HP: 46/46 MP: 8/8
  3257 | D:5      | Noticed Ijyb
  3260 | D:5      | Killed Ijyb
  3261 | D:5      | Reached skill level 1 in Conjurations
  3299 | D:5      | Reached skill level 8 in Stealth
  3673 | D:5      | Noticed Duvessa
  3675 | D:5      | Noticed Dowan
  3692 | D:5      | Noticed Menkaure
  3699 | D:5      | Killed Duvessa
  3700 | D:5      | Reached skill level 1 in Evocations
  3708 | D:5      | Killed Menkaure
  3709 | D:5      | Reached skill level 1 in Staves
  3709 | D:5      | Reached skill level 1 in Spellcasting
  3713 | D:5      | Killed Dowan
  4041 | D:5      | Gained mutation: Your spells are a little harder to cast,
                  | but a little more powerful. [potion of mutation]
  4041 | D:5      | Gained mutation: You are dopey. (Int -2) [potion of
                  | mutation]
  4041 | D:5      | Gained mutation: You are agile. (Dex +4, Str/Int -1)
                  | [potion of mutation]
  4041 | D:5      | Gained mutation: You are strong-willed. (Will+) [potion of
                  | mutation]
  4042 | D:5      | Lost mutation: Your spells are a little harder to cast, but
                  | a little more powerful. [potion of mutation]
  4042 | D:5      | Lost mutation: You are dopey. (Int -2) [potion of mutation]
  4042 | D:5      | Lost mutation: You are agile. (Dex +4, Str/Int -1) [potion
                  | of mutation]
  4042 | D:5      | Gained mutation: Your spells are a little easier to cast,
                  | but a little less powerful. [potion of mutation]
  4042 | D:5      | Gained mutation: You passively dampen the noise of your
                  | surroundings. [potion of mutation]
  4049 | D:5      | Learned a level 5 spell: Freezing Cloud
  4067 | D:6      | Identified the +8 long sword of Wegohi {holy, rN+}
  4075 | D:6      | Found a staircase to the Ecumenical Temple.
  4081 | D:6      | Reached XP level 8. HP: 54/54 MP: 10/10
  4193 | D:6      | Reached skill level 9 in Stealth
  4562 | D:6      | Found a white marble altar of Elyvilon.
  4917 | D:6      | Found a runed translucent gate.
  4917 | D:6      | Found a runed translucent gate.
  4917 | D:6      | Found a runed translucent gate.
  4919 | D:6      | Noticed Zippel's ghost (novice DsFi)
  4935 | D:6      | HP: 2/54 [Zippel's ghost (7)]
  4938 | D:6      | Mangled by Zippel's ghost

Illustrated notes

Levels and vault maps discovered:
D:1:      wheals_arrival_shading, layout_loops_ring, serial_shops,
          nicolae_shop_peninsula, shop, shop, shop,
          ebering_ecumenical_altar_webs, chequers_serial_rivers_micro_e
D:2:      layout_loops_ring, kennysheep_generic_room_6
D:3:      layout_basic, uniq_crazy_yiuf_cottage
D:4:      layout_loops_cross
D:5:      layout_basic, minivault_27, uniq_ijyb, uniq_duvessa, uniq_menkaure
D:6:      layout_loops_ring, elyvilon_altar_5, minmay_temple_entry_mist,
          ebering_ghost_rock_garden, minivault_5

Skill      XL: |  1  2  3  4  5  6  7  8 |
---------------+-------------------------+-----
Stealth        | 6 7 8 9 |  9.3
Invocations    | 1 2 3 |  3.6
Dodging        | 2 3 |  3.7
Fighting       | 3 4 |  4.1
Short Blades   | 3 |  3.2
Conjurations   | 2 3 |  3.3
Evocations     | 1 2 |  2.4
Staves         | 1 2 |  2.1
Spellcasting   | 1 |  1.9
Throwing       | |  2.0

Action                     |  1- 3 |  4- 6 |  7- 9 || total
---------------------------+-------+-------+-------++-------
  Melee: Dagger            |    61 |    87 |    80 ||   228
         Tentacles         |    13 |    18 |    29 ||    60
         Constrict         |     6 |    18 |    11 ||    35
         Punch             |     1 |     2 |     2 ||     5
         Staff             |       |       |     5 ||     5
  Throw: Dart              |       |    13 |       ||    13
         Boomerang         |       |     6 |       ||     6
   Cast: Mephitic Cloud    |       |       |     2 ||     2
 Invoke: Grow Ballistomyce |       |       |     1 ||     1
  Evoke: Wand              |       |     3 |       ||     3
    Use: Scroll            |     6 |     4 |     3 ||    13
         Potion            |       |     1 |     6 ||     7
   Stab: Sleeping          |    16 |    16 |    12 ||    44
         Distracted        |     1 |       |       ||     1
         Confused          |       |       |     2 ||     2
 Armour: Skin              |     6 |     3 |     5 ||    14
  Dodge: Dodged            |    14 |    50 |    38 ||   102
